 Dungeon Crawl Stone Soup version 0.24.0-13-gcf9b319 (webtiles) character file.

Game seed: 325865268353557640, levelgen mode: deterministic

325 Bugaboo the Shield-Bearer (level 6, -4/53 HPs)
             Began as a Minotaur Fighter on Jan 24, 2020.
             Slain by an ogre
             ... wielding a +0 giant club
              (19 damage)
             ... on level 4 of the Dungeon.
             The game lasted 00:07:07 (1963 turns).

Bugaboo the Shield-Bearer (Minotaur Fighter)        Turns: 1963, Time: 00:07:07

Health: -4/53      AC:  7    Str: 23    XL:     6   Next: 24%
Magic:  5/5        EV:  8    Int:  5    God:
Gold:   141        SH: 10    Dex:  9    Spells: 5/5 levels left

rFire    . . .     SeeInvis .   a - +0 war axe
rCold    . . .     Gourm    .   c - +0 shield
rNeg     . . .     Faith    .   b - +0 scale mail
rPois    .         Spirit   .   (helmet restricted)
rElec    .         Reflect  .   (no cloak)
rCorr    .         Harm     .   (no gloves)
MR       .....                  (no boots)
Stlth    ..........             (no amulet)
HPRegen  0.17/turn              (no ring)
MPRegen  0.09/turn              (no ring)

@: no status effects
A: retaliatory headbutt, horns 2
a: no special abilities


You were on level 4 of the Dungeon.
You were not hungry.

You visited 1 branch of the dungeon, and saw 5 of its levels.

You collected 141 gold pieces.

Inventory:

Hand Weapons
 a - a +0 war axe (weapon)
Missiles
 g - 23 sling bullets
 p - 5 boomerangs (quivered)
Armour
 b - a +0 scale mail (worn)
 c - a +0 shield (worn)
Jewellery
 d - an uncursed ring of protection from fire {unknown}
 e - an uncursed ring of see invisible {unknown}
 m - an uncursed ring of protection from magic {unknown}
Scrolls
 i - a scroll of magic mapping {unknown}
 n - a scroll of remove curse {unknown}
 o - a scroll of identify {unknown}
Potions
 h - a potion of resistance {unknown}
 j - a potion of invisibility {unknown}
 l - a potion of degeneration {unknown}
Comestibles
 f - 2 rations


   Skills:
 + Level 4.7 Fighting
 + Level 4.8 Axes
 + Level 4.6 Armour
 + Level 2.1 Dodging
 + Level 5.2 Shields


You had 5 spell levels left.
You didn't know any spells.
Your spell library was empty.

Dungeon Overview and Level Annotations

Branches:
Dungeon (5/15)
 Temple: D:4-7

Altars:
Kikubaaqudgha
Vehumet


Innate Abilities, Weirdness & Mutations

You reflexively headbutt those who attack you in melee.
You have a pair of horns on your head.


Message History

The jackal barely misses you. You furiously retaliate!
You headbutt the jackal!
You kill the jackal!
There is a stone staircase leading down here.
Things that are here:
a jackal corpse; an adder corpse You see here a +0 giant club.
You see here a +0 hand axe.
You see here a +0 giant club.
Found 17 gold pieces.
A giant cockroach comes into view.
An ogre comes into view. It is wielding a +0 giant club.
You closely miss the giant cockroach.
Your headbutt misses the giant cockroach.
You block the giant cockroach's attack. The giant cockroach barely misses you.
You hit the giant cockroach.
Your headbutt misses the giant cockroach.
The giant cockroach is moderately wounded.
You hit the ogre but do no damage. The giant cockroach barely misses you.
The ogre hits you with a +0 giant club!!
You die...

....... .......
.......
.#.#####.......
...............
#)## #)># #..#
#@.# #sO# #[.#
...# ....#
...#.. #O.. .$.
.... ... #####
....


You could see an ogre and a giant cockroach.

Vanquished Creatures
  An ice beast (D:5)
  An ogre (D:4)
  Terence (D:2)
  A worker ant (D:5)
  An adder (D:4)
  4 gnolls (D:2)
  4 leopard geckos
  3 orcs
  3 bats
  A giant cockroach (D:2)
  3 hobgoblins
  8 jackals
  4 kobolds
  A ball python (D:1)
  5 frilled lizards
  4 goblins
  7 rats
52 creatures vanquished.

Vanquished Creatures (others)
  A frilled lizard (D:2)
1 creature vanquished.

Grand Total: 53 creatures vanquished

Notes
Turn   | Place    | Note
-------+----------+-------------------------------------------
     0 | D:1      | Bugaboo the Minotaur Fighter began the quest for the Orb.
     0 | D:1      | Reached XP level 1. HP: 19/19 MP: 0/0
   216 | D:1      | Reached XP level 2. HP: 26/27 MP: 1/1
  1010 | D:2      | Noticed Terence
  1019 | D:2      | Killed Terence
  1019 | D:2      | Reached skill level 4 in Shields
  1019 | D:2      | Reached XP level 3. HP: 28/33 MP: 2/2
  1038 | D:2      | Found a radiant altar of Vehumet.
  1202 | D:2      | Reached XP level 4. HP: 35/41 MP: 3/3
  1218 | D:2      | Found an ancient bone altar of Kikubaaqudgha.
  1293 | D:2      | Noticed a sky beast
  1841 | D:3      | You fall into a shaft and drop 2 floors!
  1841 | D:5      | Entered Level 5 of the Dungeon
  1844 | D:5      | Noticed an ice beast
  1868 | D:5      | Reached skill level 1 in Dodging
  1877 | D:5      | Killed an ice beast
  1877 | D:5      | Reached XP level 5. HP: 31/47 MP: 4/4
  1922 | D:5      | Noticed an ice beast
  1928 | D:5      | Noticed an ogre
  1934 | D:5      | Noticed a sky beast
  1934 | D:5      | Noticed an ice beast
  1941 | D:4      | Killed an ogre
  1941 | D:4      | Reached skill level 5 in Shields
  1941 | D:4      | Reached XP level 6. HP: 11/53 MP: 5/5
  1963 | D:4      | Slain by an ogre

Levels and vault maps discovered:
D:1:      erik_arrival_cave_to_civilisation [erik_arrival_cave_to_hall],
          layout_basic, serial_curves, eino_curves_04, eino_curves_03,
          eino_curves_04
D:2:      layout_loops_cross, fiery_altar_vehumet, lemuel_round_altar,
          hangedman_decor_growths, roderic_lattice_a, minmay_fountain_box,
          lightli_corner_chamber, uniq_terence, uniq_crazy_yiuf_cottage
D:3:      layout_loops_ring, grunt_ministairs_2
D:4:      cheibrodos_thug_alley, layout_basic, kennysheep_little_box,
          minmay_temple_entry_proselytizer, first_ration
D:5:      layout_rooms, kennysheep_nondescript, minmay_bent

Skill      XL: |  1  2  3  4  5 |
---------------+----------------+-----
Armour         | 4 |  4.6
Fighting       | 4 |  4.7
Axes           | 3 4 |  4.8
Shields        | 4 5 |  5.2
Dodging        | 2 |  2.1

Action                   |  1- 3 |  4- 6 || total
-------------------------+-------+-------++-------
Melee: War axe           |    64 |    97 ||   161
       Headbutt          |     8 |    11 ||    19
  Use: Potion            |     1 |     2 ||     3
  Eat: Ration            |     1 |       ||     1
Armor: Scale mail        |    29 |    44 ||    73
Dodge: Dodged            |    18 |    37 ||    55
Block: Shield            |    28 |    77 ||   105
